[Event "Manhemjunioren 2024"]
[Site "Goteborgs Schackcentrum, Vegatan 20, Gothenburg, Sweden"]
[Date "2024.04.06"]
[Round "4.2"]
[White "Ramovic, Isak"]
[Black "Kaplan, Viktor"]
[Result "0-1"]
[TimeControl "18 minutes + 10 seconds per move from move one."]
[WhiteFideId "1779281"]
[BlackFideId "1780956"]
[WhiteElo "1561"]
[BlackElo "1596"]

1. e4 e6 2. d4 d5 3. exd5 exd5 4. Bd3 Nf6 5. Nf3 Bd6 6. O-O O-O 7. Nc3 c6 8. Re1 Bg4 9. h3 Bh5 10. Bg5 Nbd7 11. Bf5 Qc7 12. Qd3 Bf4 13.
Bxf4 Qxf4 14. Ne2 Qh6 15. Ng3 Bg6 16. Bxg6 hxg6 17. Qe3 Rfe8 18. Qd3 Qf4 19. Rxe8+ Rxe8 20. Re1 Ne4 21. Nxe4 Rxe4 22.
Rxe4 dxe4 23. Qd2 Qxd2 24. Nxd2 f5 25. Kf1 Kf7 26. c4 Ke6 27. Ke2 b5 28. f3 exf3+ 29. Kxf3 bxc4 30. Nxc4 Kd5 31. Na5 Nf8 32. Ke3 Ne6 33.
Nb3 g5 34. g3 f4+ 35. Kf3 fxg3 36. Kxg3 Nxd4 37. Nxd4 Kxd4 38. Kg4 Kd3 39. Kxg5 Kc2 40. h4 Kxb2 41. h5 c5 42. Kg6 c4 43. Kxg7 c3 44. h6 c2 45. h7 c1=Q 46. h8=Q Qc3+ 47. Kg8 Qxh8+ 48. Kxh8 Kxa2 49.
Kg7 Kb3 50. Kf6 a6 51. Ke5 a5 52. Kd4 a4 53.
Kd3 Kb2 54. Ke4 0-1

[Event "Manhemjunioren 2024"]
[Site "Goteborgs Schackcentrum, Vegatan 20, Gothenburg, Sweden"]
[Date "2024.04.06"]
[Round "4.3"]
[White "Murugaraja, Yogeshwer"]
[Black "Havner, Arvid"]
[Result "0-1"]
[TimeControl "18 minutes + 10 seconds per move from move one."]
[WhiteFideId "1779389"]
[BlackFideId "1769308"]
[WhiteElo "1587"]
[BlackElo "1782"]

1. c4 e5 2. g3 c6 3. Bg2 d5 4. cxd5 cxd5 5. d3 Nc6 6. Nc3 Be6 7. Nf3 Nf6 8. e4 dxe4 9. dxe4 Qxd1+ 10. Nxd1 Nxe4 11. Nxe5 Bb4+ 12. Ke2 Nxe5 13. Bxe4 Bc4+ 14. Ke3 O-O 15. Bxb7 Rad8 16. Nc3 Rd3+ 17. Ke4 f5+ 18. Kxe5 Bd6# 0-1

[Event "Manhemjunioren 2024"]
[Site "Goteborgs Schackcentrum, Vegatan 20, Gothenburg, Sweden"]
[Date "2024.04.06"]
[Round "4.4"]
[White "Lappas Lonnermark, Johannes"]
[Black "Bergdahl, Daniel"]
[Result "0-1"]
[TimeControl "18 minutes + 10 seconds per move from move one."]
[WhiteFideId "1773437"]
[BlackFideId "1780921"]
[WhiteElo "1577"]
[BlackElo "1627"]

1. e4 c6 2. d4 d5 3.
Nc3 dxe4 4. Nxe4 Nf6 5. Nxf6+ exf6 6. c3 Be7 7. Bd3 O-O 8. Ne2 Be6 9. O-O Nd7 10. Bf4 Rc8 11. Qc2 g6 12.
Ng3 Re8 13. Rfe1 c5 14. dxc5 Nxc5 15. Bb5 Bd7 16. Bxd7 Qxd7 17. Rad1 Qb5 18. Ne4 Nxe4 19. Rxe4 Bc5 20. c4 Qb6 21.
Ree1 Rxe1+ 22. Rxe1 Qa5 23. Ra1 Re8 24. h3 Re1+ 25. Rxe1 Qxe1+ 26. Kh2 Bxf2 0-1

[Event "Manhemjunioren 2024"]
[Site "Goteborgs Schackcentrum, Vegatan 20, Gothenburg, Sweden"]
[Date "2024.04.06"]
[Round "4.5"]
[White "Bahl, Advaiya"]
[Black "Bergdahl, Martin"]
[Result "1/2-1/2"]
[TimeControl "18 minutes + 10 seconds per move from move one."]
[WhiteFideId "1782002"]
[BlackFideId "1782231"]
[WhiteElo "1609"]
[BlackElo "1533"]

1. e4 c6 2. Nf3 d5 3. exd5 cxd5 4. d4 Nc6 5. Bd3 Bg4 6. c3 e5 7. dxe5 Nxe5 8. Bb5+ Nc6 9. h3 Qe7+ 10. Be3 Bh5 11. Qxd5 Bxf3 12.
Qxf3 Qd6 13. O-O Nf6 14. Nd2 Be7 15. Ne4 Nxe4 16. Qxe4 O-O 17. Bxc6 bxc6 18. b4 Qc7 19. Bf4 Qb7 20. Rfe1 Rfe8 21. Bd6 Bxd6 22. Qd4 Red8 23.
g3 Bxg3 24. Qe3 Bd6 25. Rad1 Bf8 26. Rxd8 Rxd8 27. Qg5 Qd7 28.
Qe3 Qd2 29. a4 Qxe3 30. Rxe3 Rd1+ 31. Kg2 Ra1 32. a5 c5 33. Re8 cxb4 34. cxb4 Ra4 35. Ra8 g6 36. Rxa7 Bxb4 37. Ra8+ Kg7 38.
a6 Bc5 39. f3 Ra2+ 40. Kg3 g5 41. Kg4 h6 42. Rc8 Ra4+ 43. Kg3 Bd6+ 44. Kg2 Rxa6 45. Rc2 Bf4 46. Re2 Rd6 47. Rc2 Rd2+ 48. Rxd2 Bxd2 49. Kg3 f5 50. Kg2 f4 51. Kf2 Kf6 52.
Ke2 Be3 53. Kd3 Ke5 54. Kc4 h5 55. Kd3 Bf2 56. Kc4 g4 57. fxg4 hxg4 58. hxg4 f3 59. Kd3 Kf4 60. g5 Bh4 61.
g6 f2 62. Ke2 Bf6 63. Kxf2 Kg5 1/2-1/2

[Event "Manhemjunioren 2024"]
[Site "Goteborgs Schackcentrum, Vegatan 20, Gothenburg, Sweden"]
[Date "2024.04.06"]
[Round "4.6"]
[White "Back, Arvid"]
[Black "Hansson, Isabelle"]
[Result "1-0"]
[TimeControl "18 minutes + 10 seconds per move from move one."]
[WhiteFideId "1772821"]
[BlackFideId "1773593"]
[WhiteElo "1512"]
[BlackElo "1414"]

1. e4 e5 2. Nf3 Nc6 3. d4 f6 4. d5 Nce7 5.
Bc4 Ng6 6. Nc3 Bc5 7. O-O N8e7 8. Nb5 f5 9. d6 cxd6 10. Nxd6+ Bxd6 11. Qxd6 fxe4 12. Nxe5 Nxe5 13. Qxe5 d6 14.
Qxe4 Bf5 15. Qxb7 a5 16. Bb5+ Bd7 17. Bxd7+ Kf8 18. Qf3+ Nf5 19. Qxf5+ Qf6 20. Qxf6+ gxf6 21. Bc6 Rc8 22.
Be4 Rg8 23. Bf4 Ke7 24. Rfe1 Kd7 25. Bf5+ Kd8 26. Bxc8 Kxc8 27. Bxd6 Rd8 28. Be7 Rd2 29. Bxf6 Kc7 30. g3 Kb6 31.
Re6+ Kc5 32. Re5+ Kd6 33. Rxa5 Rxc2 34. Rd1+ Ke6 35. Bc3 Ke7 36. Ra6 Kf7 37. Rd7+ Ke8 38. Rxh7 Kf8 39. Ra8# 1-0

[Event "Manhemjunioren 2024"]
[Site "Goteborgs Schackcentrum, Vegatan 20, Gothenburg, Sweden"]
[Date "2024.04.06"]
[Round "4.7"]
[White "Madevan Vaishnavi, Yaashvan"]
[Black "Sivarama, Saadhvik"]
[Result "1-0"]
[TimeControl "18 minutes + 10 seconds per move from move one."]
[WhiteFideId "1772180"]
[BlackFideId "1773720"]
[WhiteElo "1670"]
[BlackElo "1566"]

1. e4 c5 2. c3 d6 3. d4 cxd4 4.
cxd4 Nc6 5. Nf3 Nf6 6. Nc3 g6 7. Be3 Bg7 8. Be2 O-O 9. O-O Ng4 10. Bg5 h6 11. Bd2 Nf6 12. Rc1 Bg4 13.
Be3 Bxf3 14. Bxf3 Nd7 15. Qd2 h5 16. Rfd1 Nb6 17. b3 Rc8 18. Ne2 Qd7 19. Bh6 Kh7 20. Bxg7 Kxg7 21. Rc3 Kh7 22.
Bxh5 gxh5 23. Rh3 Qg4 24. f3 Qg6 25. Nf4 Qf6 26. Nxh5 Qxd4+ 27. Qxd4 Nxd4 28. Rxd4 Rc1+ 29. Kf2 Rc2+ 30.
Ke3 Rxa2 31. Ng3+ Kg6 32. Nf5 f6 33. Nxe7+ Kf7 34. Rh7+ Ke6 35. Nf5 Nc8 36. Rxd6+ Nxd6 37. Re7# 1-0

[Event "Manhemjunioren 2024"]
[Site "Goteborgs Schackcentrum, Vegatan 20, Gothenburg, Sweden"]
[Date "2024.04.06"]
[Round "5.1"]
[White "Kaplan, Viktor"]
[Black "Yang, Mandi"]
[Result "1/2-1/2"]
[TimeControl "18 minutes + 10 seconds per move from move one."]
[WhiteFideId "1780956"]
[BlackFideId "1774778"]
[WhiteElo "1596"]
[BlackElo "1738"]

1. d4 Nf6 2. c4 c6 3. Nc3 d5 4. Nf3 e6 5.
Bg5 Nbd7 6. e3 Qa5 7. Nd2 dxc4 8. Bxf6 Nxf6 9. Nxc4 Qc7 10. e4 Bb4 11. Bd3 O-O 12. a3 Be7 13. e5 Nd5 14.
Ne4 c5 15. O-O cxd4 16. Rc1 Qb8 17. f4 Ne3 18. Nxe3 dxe3 19. Qh5 g6 20. Qh6 f6 21. Ng5 fxg5 22. Bxg6 hxg6 23. Qxg6+ Kh8 24.
Qh6+ Kg8 25. Qg6+ Kh8 26. Qh6+ Kg8 27. Qg6+ Kh8 28. Qh6+ 1/2-1/2

[Event "Manhemjunioren 2024"]
[Site "Goteborgs Schackcentrum, Vegatan 20, Gothenburg, Sweden"]
[Date "2024.04.06"]
[Round "5.2"]
[White "Havner, Arvid"]
[Black "Norberg, Arild"]
[Result "1-0"]
[TimeControl "18 minutes + 10 seconds per move from move one."]
[WhiteFideId "1769308"]
[BlackFideId "1774484"]
[WhiteElo "1782"]
[BlackElo "1683"]

1. e4 e5 2. Nf3 Nc6 3. Bb5 Bc5 4.
O-O d6 5. c3 Bd7 6. d4 exd4 7. cxd4 Bb6 8.
Re1 Nge7 9. Nc3 O-O 10. Be3 Bg4 11. Be2 Ng6 12. h3 Bxf3 13. Bxf3 a6 14. Rc1 Rc8 15. Nd5 Ba5 16. Re2 Nge7 17.
Bg4 f5 18. Nxe7+ Nxe7 19. exf5 Nxf5 20. Qb3+ Kh8 21. Qd5 Nxe3 22. Rxe3 Bd2 23. Bxc8 Qxc8 24. Rce1 Bxe1 25. Rxe1 h6 26.
Re7 Qd8 27. Qe6 b6 28. d5 a5 29. Kf1 Kh7 30. Qe4+ Kh8 31. Ke2 Rg8 32. Ke3 Rf8 33. g4 Rg8 34. h4 Rf8 35. g5 h5 36.
g6 Qc8 37. Qe6 Qd8 38. f4 Qc8 39. Qxc8 Rxc8 40. Rf7 Kg8 41. f5 c6 42. Kf4 cxd5 43. Kg5 Rd8 44. Kxh5 d4 45. Re7 d3 46. Re1 d5 47. Rd1 d4 48. Rxd3 Rd5 49. Kg5 Kf8 50. h5 b5 51. Kf4 Ke7 52.
Kg5 Kd6 53. h6 gxh6+ 54. Kxh6 Rxf5 55. g7 Rf1 56. Rxd4+ Kc5 57. Rg4 Rf2 58. g8=Q Rxb2 59. Qc8+ Kd5 60. Qd7+ Kc5 61. Qf5+ Kd6 62. Rg6+ Ke7 63. Qe6+ Kd8 64. Rg8+ Kc7 65.
Rc8+ Kb7 66. Qc6+ Ka7 67. Ra8# 1-0

[Event "Manhemjunioren 2024"]
[Site "Goteborgs Schackcentrum, Vegatan 20, Gothenburg, Sweden"]
[Date "2024.04.06"]
[Round "5.3"]
[White "Bergdahl, Daniel"]
[Black "Madevan Vaishnavi, Yaashvan"]
[Result "0-1"]
[TimeControl "18 minutes + 10 seconds per move from move one."]
[WhiteFideId "1780921"]
[BlackFideId "1772180"]
[WhiteElo "1627"]
[BlackElo "1670"]

1. e4 c5 2. d4 cxd4 3. c3 dxc3 4. Nxc3 Nc6 5. Bc4 g6 6. Nf3 Bg7 7. O-O Nf6 8. h3 O-O 9. e5 Ne8 10. Re1 Nc7 11. Bf4 b6 12.
Qd2 Bb7 13. Bh6 Ne6 14. Bxe6 dxe6 15. Bxg7 Qxd2 16. Nxd2 Kxg7 17. Nc4 Rfd8 18. Rad1 Ba6 19. Rxd8 Rxd8 20. b3 Bxc4 21. bxc4 Rd4 22.
c5 bxc5 23. Ne4 c4 24. Ng3 c3 25. Ne2 Rc4 26. Rc1 Nxe5 27. Rxc3 Ra4 28. Rc7 Rxa2 29. Nc3 Rc2 30. Nb5 Rxc7 31. Nxc7 0-1

[Event "Manhemjunioren 2024"]
[Site "Goteborgs Schackcentrum, Vegatan 20, Gothenburg, Sweden"]
[Date "2024.04.06"]
[Round "5.4"]
[White "Bergdahl, Martin"]
[Black "Back, Arvid"]
[Result "1-0"]
[TimeControl "18 minutes + 10 seconds per move from move one."]
[WhiteFideId "1782231"]
[BlackFideId "1772821"]
[WhiteElo "1533"]
[BlackElo "1512"]

1. e4 e5 2. f4 d6 3.
Nf3 Bg4 4. Bc4 Nf6 5. O-O exf4 6. d3 d5 7. exd5 Nxd5 8. Bxd5 Qxd5 9. Bxf4 Bc5+ 10. Kh1 Bd6 11. Bxd6 Qxd6 12. Re1+ Kd7 13.
Ne5+ Kc8 14. Qxg4+ Nd7 15. Nxf7 Qf8 16. Nxh8 Qxh8 17. Qxg7 Qd8 18. Qf7 Nf6 19. Qe6+ Kb8 20. Qxf6 Qc8 21.
Qf7 a6 22. Re7 Qd8 23. Re8 Qxe8 24. Qxe8+ Ka7 25. Qe3+ b6 26. Qe7 Kb7 27. Qe4+ Ka7 28. Nc3 Rf8 29. Qe7 Rc8 30. Nd5 Kb7 31. Qe4 Ka7 32. a4 a5 33.
b4 h6 34. bxa5 bxa5 35. Rb1 Rf8 36.
Qd4+ Ka6 37. Nxc7# 1-0

[Event "Manhemjunioren 2024"]
[Site "Goteborgs Schackcentrum, Vegatan 20, Gothenburg, Sweden"]
[Date "2024.04.06"]
[Round "5.5"]
[White "Ramovic, Isak"]
[Black "Bahl, Advaiya"]
[Result "0-1"]
[TimeControl "18 minutes + 10 seconds per move from move one."]
[WhiteFideId "1779281"]
[BlackFideId "1782002"]
[WhiteElo "1561"]
[BlackElo "1609"]

1. e4 e5 2. Nf3 Nc6 3.
Bc4 Bc5 4. d3 d6 5. c3 Nf6 6. O-O O-O 7. Re1 h6 8.
h3 Be6 9. Bxe6 fxe6 10. b4 Bb6 11. a4 a6 12. Nbd2 Qe8 13. Nf1 d5 14. Ng3 d4 15. c4 Nxb4 16. a5 Bc5 17. Ba3 b6 18.
axb6 cxb6 19. Nxe5 Nc6 20. Bxc5 bxc5 21. Nxc6 Qxc6 22. Qa4 Qxa4 23. Rxa4 Ra7 24. Rea1 Rfa8 25. Ra5 Nd7 26. Kf1 Kf7 27. f4 g6 28.
Ke2 Kf6 29. e5+ Ke7 30. Ne4 h5 31. g4 h4 32. Ng5 Rb8 33. Rxa6 Rxa6 34. Rxa6 Rb6 35. Rxb6 Nxb6 36. Nf3 Na4 37.
Nxh4 Kf7 38. f5 gxf5 39. gxf5 exf5 40. Nxf5 Ke6 41. Ng3 Kxe5 42. h4 Kf4 43. h5 Kg5 44. Ne4+ Kxh5 45. Kd2 Kg4 46.
Kc2 Kf3 47. Kb3 Ke3 48. Kxa4 Kxd3 49. Nxc5+ Kxc4 50. Ka3 Kxc5 51. Kb3 Kd5 52. Kc2 Kc4 53. Kd2 d3 54. Kc1 Kc3 55. Kd1 d2 56. Ke1 0-1

[Event "Manhemjunioren 2024"]
[Site "Goteborgs Schackcentrum, Vegatan 20, Gothenburg, Sweden"]
[Date "2024.04.06"]
[Round "5.6"]
[White "Lappas Lonnermark, Johannes"]
[Black "Murugaraja, Yogeshwer"]
[Result "1-0"]
[TimeControl "18 minutes + 10 seconds per move from move one."]
[WhiteFideId "1773437"]
[BlackFideId "1779389"]
[WhiteElo "1577"]
[BlackElo "1587"]

1. e4 c5 2. Nf3 d6 3. Bb5+ Bd7 4. Bxd7+ Qxd7 5. c4 e5 6. O-O Nf6 7. Nc3 Be7 8. d3 h6 9. Re1 O-O 10.
h3 Nc6 11. Be3 a6 12. Nd2 Rab8 13. a4 Nb4 14. Nf1 a5 15. Bc1 Na6 16. Ne3 Nc7 17. Ned5 Ncxd5 18. exd5 Rfe8 19. Ne4 Nxe4 20.
dxe4 b6 21. Ra3 f5 22. Rg3 f4 23. Rg6 Bg5 24. Qh5 Kh7 25. Rxg5 Rg8 26. Rg6 Qf7 27. Rxh6+ 1-0

[Event "Manhemjunioren 2024"]
[Site "Goteborgs Schackcentrum, Vegatan 20, Gothenburg, Sweden"]
[Date "2024.04.06"]
[Round "5.7"]
[White "Sivarama, Saadhvik"]
[Black "Holma, Tim"]
[Result "1-0"]
[TimeControl "18 minutes + 10 seconds per move from move one."]
[WhiteFideId "1773720"]
[BlackFideId "1785850"]
[WhiteElo "1566"]
[BlackElo "1430"]

1. e4 e5 2. Bc4 Nf6 3. d4 Nxe4 4. dxe5 Bc5 5. Qd5 Bxf2+ 6. Ke2 O-O 7. Qxe4 Qh4 8. Qxh4 Bxh4 9. Nf3 Be7 10.
Rf1 Nc6 11. Nc3 d6 12. exd6 Bxd6 13. Kf2 Bf5 14. Bb3 Bc5+ 15. Be3 Bxe3+ 16. Kxe3 Rfe8+ 17. Kf2 Rad8 18. Kg1 Nb4 19. Rac1 c6 20.
Ng5 Be6 21. Nxe6 fxe6 22. a3 Nd5 23. Nxd5 cxd5 24. Rfe1 Kf7 25. Rf1+ Kg6 26. Rce1 e5 27. Rd1 Re7 28. Bxd5 Red7 29.
Be4+ Kh6 30. Rde1 Rd2 31. Re3 g6 32. Bd3 Re8 33. Re2 Rxe2 34. Bxe2 e4 35. Re1 e3 36. Bf3 b6 37. Kf1 Kg5 38. Ke2 Kf4 39. g3+ Kf5 40.
Kd3 Rd8+ 41. Kxe3 Re8+ 42. Kd2 Rxe1 43. Kxe1 g5 44. Ke2 h6 45. b4 Ke5 46. Kd3 b5 47. c4 bxc4+ 48. Kxc4 Kd6 49.
Kd4 Ke6 50. b5 Kd6 51. a4 Ke6 52. a5 Kd6 53. b6 a6 54. Kc4 Kd7 55. Kc5 Kc8 56. Kc6 Kb8 57. b7 g4 58. Bxg4 h5 59.
Bxh5 Ka7 60. Bf3 Kb8 61. h4 Ka7 62. h5 1-0